 Dungeon Crawl Stone Soup version 0.30-a0-782-ge64f9170bb (webtiles) character file.

Game seed: 4525801984526783865

23608 Ijustatesigmund the Warrior (level 13, -4/134 HPs)
             Began as a Hill Orc Fighter on Feb 24, 2023.
             Was a Priest of Ashenzari.
             Slain by a bone dragon (9 damage)
             ... on level 2 of the Abyss.
             The game lasted 00:20:38 (14299 turns).

Ijustatesigmund the Warrior (Hill Orc Fighter)     Turns: 14299, Time: 00:20:38

Health: -4/134     AC: 17    Str: 22    XL:     13   Next: 7%
Magic:  13/13      EV:  9    Int:  8    God:    Ashenzari [***...]
Gold:   667        SH: 12    Dex: 12    Spells: 12/12 levels left

rFire   x . .      SeeInvis +    a - +6 war axe
rCold   + . .      Faith    .    r - +1 kite shield of Ouranomancy {Melee, Self} (curse)
rNeg    + . .      Spirit   .    b - +0 chain mail
rPois   .          Reflect  .    E - +0 helmet "Revealing Altruism" {Evo, Fort} (curse)
rElec   .          Harm     .    o - +1 cloak "Cosmic Fetters" {Cun, Melee} (curse)
rCorr   .          Rampage  .    v - +0 pair of gloves "Ruined Omen" {Alch, Fort} (curse)
Will    .....      Clarity  +    (no boots) Stlth
                                 (no amulet)
HPRegen 0.42/turn                e - ring "Ensconced Seeker" {rN+, Elem, Evo} (curse)
MPRegen 0.13/turn                p - ring of protection from cold

@: hasted, invisible, very quick
A: [heat vulnerability 1], [subdued magic 1]
a: Renounce Religion, Curse Item, Shatter the Chains


You were on level 2 of the Abyss.
You worshipped Ashenzari.
Ashenzari was most pleased with you.
You visited 2 branches of the dungeon, and saw 12 of its levels.
You visited the Abyss 2 times.

You collected 667 gold pieces.

Inventory:

Hand Weapons
 a - a +6 war axe (weapon)
Armour
 b - a +0 chain mail (worn)
 o - the cursed +1 cloak "Cosmic Fetters" (worn) {Cun, Melee}
   (You took it off Crazy Yiuf on level 3 of the Dungeon)

   It has a curse which improves the following skills: Cunning: Dodging and
   Stealth.
   Melee Combat: Short Blades, Long Blades, Axes, Maces & Flails, Polearms,
   Staves and Unarmed Combat.
 r - the cursed +1 kite shield of Ouranomancy (worn) {Melee, Self}
   (You took it off a gnoll sergeant on level 5 of the Dungeon)

   It has a curse which improves the following skills: Melee Combat: Short
   Blades, Long Blades, Axes, Maces & Flails, Polearms, Staves and Unarmed
   Combat.
   Introspection: Fighting and Spellcasting.
 v - the cursed +0 pair of gloves "Ruined Omen" (worn) {Alch, Fort}
   (You found it on level 7 of the Dungeon)

   It has a curse which improves the following skills: Alchemy: Poison Magic and
   Transmutations.
   Fortitude: Armour and Shields.
 E - the cursed +0 helmet "Revealing Altruism" (worn) {Evo, Fort}
   (You found it on level 10 of the Dungeon)

   It has a curse which improves the following skills: Evocations: Evocations.
   Fortitude: Armour and Shields.
Jewellery
 e - the cursed ring "Ensconced Seeker" (left hand) {rN+, Elem, Evo}
   (You found it on level 3 of the Dungeon)

   [ring of positive energy]

   rN:        It protects you from negative energy.
   It has a curse which improves the following skills: Elements: Fire Magic, Ice
   Magic, Air Magic and Earth Magic.
   Evocations: Evocations.
 p - a ring of protection from cold (right hand)
 t - a ring of protection from fire
 B - the ring of Xom's Best Wishes {rF+ rC- Str+5 Slay+4}
   (You found it on level 9 of the Dungeon)

   [ring of slaying]

   Str:       It affects your strength (+5).
   Slay:      It affects your accuracy & damage with ranged weapons and melee
   (+4).
   rF:        It protects you from fire.
   rC:        It makes you vulnerable to cold.
 F - a ring of poison resistance
 G - an amulet of magic regeneration
Wands
 n - a wand of polymorph (11)
 H - a wand of flame (5)
Scrolls
 d - 2 scrolls of teleportation
 l - 11 scrolls of identify
 s - 2 scrolls of poison
 u - a scroll of fog
 x - 3 scrolls of magic mapping
 y - 2 scrolls of fear
 A - a scroll of silence
 D - a scroll of immolation
Potions
 f - 2 potions of lignification
 h - a potion of magic
 i - 2 potions of mutation
 j - 2 potions of ambrosia
 m - a potion of curing
Miscellaneous
 I - a box of beasts (inert)


   Skills:
 + Level 16.5(18.0) Fighting
 - Level 13.4(15.7) Axes
 - Level 9.1(11.6) Armour
 - Level 3.9(5.4) Dodging
 - Level 8.2(10.7) Shields
 - Level 6.9(9.4) Evocations


You had 12 spell levels left.
You didn't know any spells.
Your spell library contained the following spells:

 Spells                   Type           Power      Damage    Failure   Level
 Apportation              Tloc           0%         N/A       99%         1
 Necrotise                Necr           0%         1d4       99%         1
 Summon Small Mammal      Summ           0%         N/A       99%         1
 Call Canine Familiar     Summ           0%         N/A       100%        3
 Frozen Ramparts          Ice            0%         1d1       100%        3
 Summon Guardian Golem    Hex/Summ       0%         N/A       100%        3
 Ice Form                 Ice/Tmut       0%         N/A       100%        4
 Summon Ice Beast         Ice/Summ       0%         N/A       100%        4


Dungeon Overview and Level Annotations

Branches:
Dungeon (11/15)            Temple (1/1) D:5            Lair (0/5) D:9
    Orc: D:9-12

Altars:
Ashenzari
Cheibriados
Dithmenos
Elyvilon
Fedhas
Gozag
Hepliaklqana
Kikubaaqudgha
Makhleb
Nemelex Xobeh
Okawaru
Qazlal
Ru
Sif Muna
Trog
Uskayaw
Vehumet
Wu Jian
Xom
Yredelemnul
Zin
The Shining One

Shops:
D:6 [

Annotations:
D:4 2 transporters, Frostiness's ghost, amateur GnVM
D:11 Sonja


Innate Abilities, Weirdness & Mutations

[You are vulnerable to heat. (rF-)]
[Your spells are a little easier to cast, but a little less powerful.]


Message History

You completely miss the bone dragon.
The bone dragon is lightly damaged.
You block the bone dragon's attack. The bone dragon claws you!
* * * LOW HITPOINT WARNING * * *
The bone dragon tramples you but does no damage.
You slash the bone dragon!
The bone dragon is lightly damaged.
The bone dragon bites you but does no damage.
The bone dragon completely misses you.
The bone dragon tramples you but does no damage.
You hit the bone dragon.
The bone dragon is lightly damaged.
The bone dragon barely misses you. x2
The bone dragon tramples you but does no damage.
You hit the bone dragon.
The bone dragon is moderately damaged.
The bone dragon bites you but does no damage.
You block the bone dragon's attack. The bone dragon barely misses you.
Okay, then.
You feel yourself speed up. The bone dragon bites you!!
* * * LOW HITPOINT WARNING * * *
The bone dragon barely misses you.
The bone dragon tramples you but does no damage.
You hit the bone dragon.
The bone dragon is moderately damaged.
You hit the bone dragon.
The bone dragon is moderately damaged.
The bone dragon bites you.
* * * LOW HITPOINT WARNING * * *
You block the bone dragon's attack. The bone dragon tramples you.
* * * LOW HITPOINT WARNING * * *
You stumble backwards!
You barely miss the bone dragon.
The bone dragon is moderately damaged.
You hit the bone dragon but do no damage.
The bone dragon is moderately damaged.
The bone dragon bites you.
* * * LOW HITPOINT WARNING * * *
The bone dragon claws you!
You die...

, #* , , * , *
.. , , , * *
.##** * ,. , **
..# *,## ##.. .
, #.###.##...#._
#, ,
#...#...##.. #*.
* , *
*#.#@.#.......#.
,,#...D.....##
..##.,
#..###.......#.
#. , * #...#
###.#..#..#..
#......
#......>.. .# *
, .##
..,.,.#....#.#
.#, , *...#..##
..#. ##. .. .. #
.#.#.... . ,
.#., , # # # #.#
...


You could see a bone dragon.

Vanquished Creatures
  2 tentacled starspawn (Abyss:1)
  Erolcha (D:10)
  An ogre mage (D:10)
  6 two-headed ogres
  3 centaur warriors
  2 wretched stars (Abyss:1)
  A sixfirhy (Abyss:2)
  The ghost of BRD the Shield-Bearer, a novice GnFi (D:5)
  3 smoke demons (Abyss:1)
  2 gargoyles (D:10)
  Psyche (D:9)
  2 unseen horrors
  3 komodo dragons
  An ancient zyme (Abyss:1)
  2 hellwings (Abyss:1)
  2 trolls (D:10)
  Grinder (D:3)
  5 raiju (Abyss:1)
  2 large abominations (Abyss:1)
  12 yaks
  A vampire (D:9)
  3 wyverns
  Grum (D:11)
  3 starcursed masses (Abyss:1)
  A vampire mosquito (D:10)
  3 steam dragons (D:9)
  A basilisk (D:9)
  Menkaure (D:5)
  2 black bears
  2 orc warriors
  3 ice beasts
  4 sky beasts
  2 wolves (D:11)
  3 centaurs
  A small abomination (Abyss:1)
  2 phantoms
  2 kobold brigands
  2 bullfrogs
  2 necrophages
  2 scorpions (D:4)
  4 gnoll sergeants
  4 wights (D:7)
  2 electric eels (D:10)
  3 howler monkeys
  3 hounds
  An iron imp (D:11)
  3 orc priests
  Crazy Yiuf (D:3)
  3 jellies
  4 iguanas
  7 orc wizards
  12 gnolls
  5 adders
  A dart slug (D:3)
  24 orcs
  4 bats
  3 endoplasms
  4 giant cockroaches
  9 goblins
  6 hobgoblins
  6 jackals
  2 quokkas
  6 ball pythons
  2 frilled lizards
  16 kobolds
  9 rats
  3 starspawn tentacles (Abyss:1)
241 creatures vanquished.

Vanquished Creatures (collateral kills)
  A raiju (Abyss:1)
1 creature vanquished.

Vanquished Creatures (others)
  A small abomination (Abyss:1)
  6 fungi (D:5)
  7 starspawn tentacles (Abyss:1)
14 creatures vanquished.

Grand Total: 256 creatures vanquished

Notes
Turn   | Place    | Note
-------+----------+-------------------------------------------
     0 | D:1      | Ijustatesigmund the Hill Orc Fighter began the quest for
                  | the Orb.
     0 | D:1      | Reached XP level 1. HP: 19/19 MP: 1/1
   136 | D:1      | Reached XP level 2. HP: 27/27 MP: 2/2
   472 | D:1      | Found a faded altar of an unknown god.
   554 | D:1      | Reached XP level 3. HP: 33/33 MP: 3/3
   790 | D:2      | Reached skill level 4 in Fighting
  1307 | D:2      | Reached XP level 4. HP: 40/40 MP: 4/4
  1408 | D:3      | Noticed Grinder
  1409 | D:3      | Paralysed by Grinder for 3 turns
  1417 | D:3      | Killed Grinder
  1418 | D:3      | Reached skill level 5 in Axes
  1418 | D:3      | Reached XP level 5. HP: 47/47 MP: 5/5
  1418 | D:3      | Reached XP level 6. HP: 55/55 MP: 6/6
  1465 | D:3      | Found a runed translucent door.
  1466 | D:3      | Noticed Crazy Yiuf
  1475 | D:3      | Killed Crazy Yiuf
  1982 | D:3      | Found a radiant altar of Vehumet.
  1986 | D:3      | Found an ornate altar of the Wu Jian Council.
  1987 | D:3      | Found a snail-covered altar of Cheibriados.
  2004 | D:3      | Found a broken altar of Ashenzari.
  2012 | D:3      | Became a worshipper of Ashenzari the Shackled
  2018 | D:3      | Found a stormy altar of Qazlal.
  2619 | D:4      | Reached skill level 5 in Fighting
  2674 | D:4      | Noticed a black bear
  2684 | D:4      | Killed a black bear
  2685 | D:4      | Reached XP level 7. HP: 37/61 MP: 7/7
  2809 | D:4      | Found a transporter.
  2831 | D:3      | Reached skill level 5 in Armour
  3855 | D:4      | Found a transporter.
  3860 | D:4      | Noticed Frostiness's ghost (amateur GnVM)
  3927 | D:4      | Noticed a +0 falchion
  3929 | D:4      | Noticed a +0 dagger
  3929 | D:4      | Noticed a +0 spear
  3929 | D:4      | Noticed a +0 short sword
  3930 | D:4      | Noticed a +0 spear
  3931 | D:4      | Noticed a +0 dagger
  3931 | D:4      | Noticed a +0 falchion
  3932 | D:4      | Found a hide-covered altar of Uskayaw.
  3932 | D:4      | Noticed a +0 short sword
  3979 | D:5      | Entered Level 5 of the Dungeon
  4015 | D:5      | Reached skill level 6 in Fighting
  4018 | D:5      | Reached XP level 8. HP: 52/70 MP: 8/8
  4171 | D:5      | Noticed Menkaure
  4175 | D:5      | Killed Menkaure
  4313 | D:5      | Reached * piety under Ashenzari
  4425 | D:5      | Found a runed translucent door.
  4425 | D:5      | Noticed BRD's ghost (novice GnFi)
  4457 | D:5      | Killed BRD's ghost
  4458 | D:5      | Reached skill level 7 in Fighting
  4595 | D:5      | Found a shadowy altar of Dithmenos.
  4609 | D:5      | Reached XP level 9. HP: 56/80 MP: 9/9
  4851 | D:5      | Found a staircase to the Ecumenical Temple.
  4861 | D:5      | Reached skill level 10 in Axes
  4871 | Temple   | Entered the Ecumenical Temple
  5352 | D:6      | Found Vifrur's Armour Boutique.
  5361 | D:6      | Reached skill level 8 in Fighting
  5390 | D:6      | Reached ** piety under Ashenzari
  5515 | D:6      | Reached skill level 1 in Evocations
  5844 | D:6      | Identified the +0 short sword of Jocular Purpose {vamp, rC+
                  | Int+5 Dex-5}
  7644 | D:7      | Identified the +0 quarterstaff of Vuto {flame, Fragile rF+
                  | Dex+4}
  7665 | D:7      | Found a burning altar of Makhleb.
  8456 | D:8      | Reached skill level 9 in Fighting
  8564 | D:8      | Noticed a centaur warrior
  8575 | D:8      | Killed a centaur warrior
  8576 | D:8      | Reached skill level 5 in Shields
  8576 | D:8      | Reached XP level 10. HP: 47/94 MP: 10/10
  8955 | D:9      | Noticed a two-headed ogre
  8968 | D:9      | Killed a two-headed ogre
  9804 | D:9      | Noticed Psyche
  9812 | D:9      | Killed Psyche
 10153 | D:9      | Reached skill level 10 in Fighting
 10316 | D:9      | Noticed a two-headed ogre
 10317 | D:9      | Noticed a two-headed ogre
 10768 | D:9      | Identified the ring of Xom's Best Wishes {rF+ rC- Str+5
                  | Slay+4}
 10782 | D:9      | Found a hazy altar of Hepliaklqana.
 10831 | D:9      | Killed a two-headed ogre
 10832 | D:9      | Reached skill level 5 in Evocations
 10832 | D:9      | Reached XP level 11. HP: 87/102 MP: 11/11
 10852 | D:9      | Killed a two-headed ogre
 11170 | D:9      | Found a staircase to the Lair.
 11284 | D:10     | Entered Level 10 of the Dungeon
 11314 | D:10     | Noticed a centaur warrior
 11315 | D:10     | Found a large runed translucent door.
 11316 | D:10     | Found a large runed translucent door.
 11317 | D:10     | Found a large runed translucent door.
 11317 | D:10     | Found a large runed translucent door.
 11469 | D:10     | Noticed a two-headed ogre
 11476 | D:10     | Killed a two-headed ogre
 11481 | D:10     | Noticed an ogre mage
 11496 | D:10     | Killed an ogre mage
 11710 | D:10     | Found a glowing golden altar of the Shining One.
 11710 | D:10     | Noticed Erolcha
 11713 | D:10     | Noticed a two-headed ogre
 11722 | D:10     | Killed a two-headed ogre
 11723 | D:10     | Reached skill level 11 in Fighting
 11935 | D:10     | Reached *** piety under Ashenzari
 12047 | D:10     | Noticed a centaur warrior
 12051 | D:10     | Killed a centaur warrior
 12172 | D:10     | Killed Erolcha
 12173 | D:10     | Reached XP level 12. HP: 59/115 MP: 12/12
 12511 | D:10     | Killed a centaur warrior
 12512 | D:10     | Reached skill level 12 in Fighting
 12624 | D:11     | Noticed a two-headed ogre
 12636 | D:11     | Killed a two-headed ogre
 12991 | D:11     | Noticed Grum
 12993 | D:11     | Reached skill level 13 in Fighting
 12995 | D:11     | Noticed Sonja
 13001 | D:11     | Killed Grum
 13004 | Abyss:1  | Cast into level 1 of the Abyss (Sonja)
 13208 | Abyss:1  | Noticed a wretched star
 13363 | Abyss:1  | Noticed a wretched star
 13392 | Abyss:1  | Reached skill level 14 in Fighting
 13669 | Abyss:1  | Found a corrupted altar of Lugonu.
 13710 | Abyss:1  | Noticed a tentacled starspawn
 13720 | Abyss:1  | Killed a tentacled starspawn
 13728 | Abyss:1  | Reached skill level 15 in Fighting
 13793 | Abyss:1  | Noticed a starcursed mass
 13814 | Abyss:1  | Killed a starcursed mass
 13834 | Abyss:1  | Noticed a tentacled starspawn
 13838 | Abyss:1  | Noticed a wretched star
 13846 | Abyss:1  | Killed a tentacled starspawn
 13849 | Abyss:1  | Noticed a wretched star
 13860 | Abyss:1  | Killed a wretched star
 13861 | Abyss:1  | Reached skill level 16 in Fighting
 13861 | Abyss:1  | Reached XP level 13. HP: 46/133 MP: 13/13
 13876 | D:11     | Escaped the Abyss
 14187 | Abyss:2  | Cast into level 2 of the Abyss (Sonja)
 14274 | Abyss:2  | Noticed a bone dragon
 14277 | Abyss:2  | Found a corrupted altar of Lugonu.
 14299 | Abyss:2  | HP: 5/134 [bone dragon (2)]
 14299 | Abyss:2  | Slain by a bone dragon

Illustrated notes

Levels and vault maps discovered:
D:1:      co_arrival_random_square_maze, layout_loops_ring,
          basic_ecumenical_altar
D:2:      layout_loops_ring, kennysheep_generic_room_16
D:3:      layout_loops_ring, minmay_overflow_temple_star_hex, uniq_grinder,
          uniq_crazy_yiuf_cottage
D:4:      layout_rooms, nicolae_uskayaw_en_pointe, gammafunk_ghost_stat_death
D:5:      layout_rooms, mainiacjoe_overflow_chevrons, minmay_temple_entry_tees,
          gammafunk_ghost_grave, uniq_menkaure
D:6:      layout_layer_cave, serial_shops, nicolae_diamond_shop
D:7:      wander_river, layout_layer_cave, makhleb_heckhound_becter
D:8:      layout_loops_cross, grunt_ministairs_4
D:9:      layout_layer_cave, nicolae_hepliaklqana_hippocampus, erik_lair_dragon,
          hangedman_misty_isle, uniq_psyche
D:10:     layout_basic, tso_metal_star, minmay_hollow_rounded_squares,
          uniq_erolcha
D:11:     layout_layer_cave, orc_0_dummy, serial_shops, shop, uniq_sonja,
          uniq_josephine, uniq_grum
Temple:   nicolae_temple_slightly_damp_pantheon
Abyss:2:  base:
D:2

Skill      XL: |  1  2  3  4  5  6  7  8  9 10 11 12 |
---------------+-------------------------------------+-----
Axes           | 3 4 5 6 8 9 11 12 13 | 13.4
Fighting       | 4 5 6 7 9 10 11 16 | 16.5
Armour         | 4 5 6 7 9 |  9.1
Shields        | 4 5 6 8 |  8.2
Dodging        | 2 3 |  3.9
Evocations     | 3 5 6 |  6.9

Action                     |  1- 3 |  4- 6 |  7- 9 | 10-12 | 13-15 || total
---------------------------+-------+-------+-------+-------+-------++-------
  Melee: War axe           |   127 |    70 |   231 |   371 |    40 ||   839
 Invoke: Curse Item        |       |       |     5 |     1 |       ||     6
         Shatter the Chain |       |       |     1 |       |       ||     1
  Evoke: Wand              |       |       |       |    21 |       ||    21
         Box of beasts     |       |       |       |     1 |       ||     1
    Use: Potion            |       |     1 |     1 |     7 |     4 ||    13
         Scroll            |       |    15 |     3 |     3 |     2 ||    23
 Armour: Scale mail        |    55 |    34 |    38 |       |       ||   127
         Chain mail        |       |       |    48 |   143 |    17 ||   208
  Dodge: Dodged            |    59 |    37 |    82 |    95 |    13 ||   286
  Block: Buckler           |    21 |    18 |    33 |       |       ||    72
         Kite shield       |       |       |    57 |   173 |    17 ||   247

Table legend: (Time is in decaauts)
 A = Elapsed time spent in this place.
 B = Non-inter-level travel time spent in this place.
 C = Inter-level travel time spent in this place.
 D = Time resting spent in this place.
 E = Time spent auto-exploring this place.
 F = Levels seen in this place.
 G = Mean time per level.
                   A        B        C        D        E       F      G
               +--------+--------+--------+--------+--------+-----+--------+
         Total |  14351 |  13934 |    417 |   3819 |   8284 |  14 | 1025.1 |
       Dungeon |  13085 |  12687 |    398 |   3144 |   7975 |  11 | 1189.5 |
        Temple |    308 |    289 |     19 |      0 |    277 |   1 |  308.0 |
         Abyss |    957 |    957 |      0 |    675 |     32 |   2 |  478.5 |
               +--------+--------+--------+--------+--------+-----+--------+

Top non-repeatable levels by time:
     D:9: 2343 daAuts
     D:3: 1872 daAuts
     D:7: 1395 daAuts
     D:6: 1309 daAuts
    D:10: 1284 daAuts
     D:5: 1076 daAuts
     D:8: 904 daAuts
 Abyss:1: 840 daAuts
     D:2: 745 daAuts
     D:4: 728 daAuts
    D:11: 716 daAuts
     D:1: 709 daAuts
  Temple: 308 daAuts
 Abyss:2: 116 daAuts
